 Dungeon Crawl Stone Soup version 0.21.1-1-g345015f (webtiles) character file.

976 nicolaieve the Cleaver (level 7, -10/61 HPs)
             Began as a Minotaur Berserker on July 2, 2018.
             Was a Priest of Trog.
             Mangled by bmj180's ghost (14 damage)
             ... on level 6 of the Dungeon.
             The game lasted 00:13:29 (3712 turns).

nicolaieve the Cleaver (Minotaur Berserker)         Turns: 3712, Time: 00:13:30

Health: -10/61     AC:  8    Str: 23    XL:     7   Next: 95%
Magic:  6/6        EV: 11    Int:  4    God:    Trog [***...]
Gold:   319        SH:  4    Dex: 10    Spells: 6/6 levels left

rFire    + . .     SeeInvis .   q - +4 war axe
rCold    . . .     Gourm    +   s - +0 buckler
rNeg     . . .     Faith    .   b - +1 ring mail {rF+}
rPois    .         Spirit   .   (helmet restricted)
rElec    .         Reflect  .   (no cloak)
rCorr    .         Harm     .   (no gloves)
MR       ++...                  e - +0 pair of boots
Stlth    ..........             o - amulet of the gourmand
HPRegen  1.20/turn              (no ring)
MPRegen  0.10/turn              (no ring)

@: berserk cooldown, regenerating, slowed, very slow
A: retaliatory headbutt, horns 2
a: Berserk, Trog's Hand, Burn Spellbooks, Renounce Religion


You were on level 6 of the Dungeon.
You worshipped Trog.
Trog was most pleased with you.
You were very full.

You visited 1 branch of the dungeon, and saw 6 of its levels.

You collected 319 gold pieces.

Inventory:

Hand Weapons
 a - a +0 hand axe
 q - a +4 war axe (weapon)
Armour
 b - a +1 ring mail of fire resistance (worn)
 d - a +0 scale mail
 e - a +0 pair of boots (worn)
 s - a +0 buckler (worn)
Jewellery
 o - an amulet of the gourmand (around neck)
 x - an uncursed ring of poison resistance {unknown}
Wands
 w - a wand of polymorph (7)
 y - a wand of iceblast (8)
Scrolls
 g - 5 scrolls of remove curse {unknown}
 h - a scroll of enchant armour {unknown}
 i - a scroll of blinking {unknown}
 j - 5 scrolls of amnesia {unknown}
 m - a scroll of magic mapping {unknown}
 p - 2 scrolls of immolation {unknown}
 r - a scroll of teleportation {unknown}
 t - 4 scrolls of identify {unknown}
 A - a scroll of random uselessness {unknown}
Potions
 f - 2 potions of mutation {unknown}
 k - a potion of lignification {unknown}
 l - 2 potions of curing {unknown}
 n - a potion of haste {unknown}
 v - 3 potions of agility {unknown}
 z - a potion of flight {unknown}
Comestibles
 c - 9 rations
 u - 2 chunks of flesh


   Skills:
 + Level 5.4 Fighting
 * Level 9.3 Axes
 + Level 4.9 Armour
 - Level 2.5 Dodging
 * Level 2.6 Shields


You had 6 spell levels left.
You didn't know any spells.

Dungeon Overview and Level Annotations

Branches:
Dungeon (6/15)             Temple (0/1) D:6

Altars:
Ashenzari
Dithmenos
Elyvilon
Hepliaklqana
Nemelex Xobeh
Qazlal
Ru

Annotations:
D:6 bmj180's ghost, novice MiFi


Innate Abilities, Weirdness & Mutations

You reflexively headbutt those who attack you in melee.
You have a pair of horns on your head.


Message History

The orc priest mumbles some strange prayers to Beogh against you.
You struggle to resist.
Your skin crawls.
You feel resistant to hostile enchantments.
You feel quite a bit less full.
The phantom blinks!
Bmj180's ghost barely misses you. You furiously retaliate!
You headbutt bmj180's ghost, but do no damage.
The phantom hits you.
* * * LOW HITPOINT WARNING * * *
You hit bmj180's ghost. Your headbutt misses bmj180's ghost.
Bmj180's ghost is heavily damaged.
You barely miss the phantom. You closely miss the orc priest.
You barely miss the orc. Bmj180's ghost hits you!
* * * LOW HITPOINT WARNING * * *
The orc priest misses you. The orc hits you with a hand axe.
* * * LOW HITPOINT WARNING * * *
The phantom hits you.
* * * LOW HITPOINT WARNING * * *
Bmj180's ghost hits you!
You die...

## .## ..# #.._. ..# #... #
..# #... .+ ..# #..# ..#
.###########.###### ..#
.##........#..##.W##...##.
.##.............@W..ยง.....
.'.....#........oo.[......
.#.....#..................
.#.....#..................
.#.>...#..................
.##...##.####...####..###.
.####+#### ##### ..# .# ...
.#


You could see a phantom, an orc priest, bmj180's ghost and an orc.

Vanquished Creatures
  Grinder (D:6)
  The ghost of Tallim the Gusty, an amateur DrAE of Qazlal (D:4)
  An ogre (D:5)
  A phantom (D:5)
  A bullfrog (D:6)
  A howler monkey (D:5)
  The ghost of dscm the Grave Robber, a weakling OpNe (D:5)
  2 hounds
  2 orc wizards
  An iguana (D:2)
  Terence (D:2)
  A worker ant zombie (D:5)
  4 adders
  A shadow imp (D:5)
  2 oozes
  A worm (D:4)
  3 leopard geckos
  18 orcs
  2 ball pythons (D:1)
  9 bats
  6 giant cockroaches
  8 goblins
  5 hobgoblins
  3 jackals (D:2)
  11 kobolds
  A quokka (D:5)
  5 frilled lizards
  8 rats
101 creatures vanquished.

Notes
Turn   | Place    | Note
-------+----------+-------------------------------------------
     0 | D:1      | nicolaieve the Minotaur Berserker began the quest for the Orb.
     0 | D:1      | Reached XP level 1. HP: 19/19 MP: 0/0
   132 | D:1      | Reached skill level 4 in Axes
   132 | D:1      | Reached XP level 2. HP: 27/27 MP: 1/1
   725 | D:1      | Reached XP level 3. HP: 33/33 MP: 2/2
  1041 | D:2      | Found a stormy altar of Qazlal.
  1047 | D:2      | Noticed Terence
  1066 | D:2      | Killed Terence
  1130 | D:2      | Reached skill level 5 in Axes
  1130 | D:2      | Reached XP level 4. HP: 19/41 MP: 3/3
  1301 | D:2      | Reached ** piety under Trog
  1315 | D:2      | Found a hazy altar of Hepliaklqana.
  1376 | D:2      | Found a shattered altar of Ashenzari.
  2025 | D:3      | Reached XP level 5. HP: 47/47 MP: 4/4
  2265 | D:3      | Reached skill level 6 in Axes
  2584 | D:4      | Noticed Tallim's ghost (amateur DrAE)
  2589 | D:4      | Killed Tallim's ghost
  2589 | D:4      | Reached skill level 7 in Axes
  2589 | D:4      | Reached XP level 6. HP: 55/55 MP: 5/5
  3057 | D:5      | Entered Level 5 of the Dungeon
  3082 | D:5      | Noticed dscm's ghost (weakling OpNe)
  3219 | D:5      | Reached *** piety under Trog
  3219 | D:5      | Reached skill level 5 in Fighting
  3219 | D:5      | Reached skill level 1 in Shields
  3338 | D:5      | Killed dscm's ghost
  3338 | D:5      | Reached XP level 7. HP: 61/61 MP: 6/6
  3354 | D:5      | Reached skill level 8 in Axes
  3397 | D:5      | Found a sacrificial altar of Ru.
  3397 | D:5      | Found a shadowy altar of Dithmenos.
  3397 | D:5      | Found a white marble altar of Elyvilon.
  3647 | D:6      | Found a staircase to the Ecumenical Temple.
  3691 | D:6      | Found a sparkling altar of Nemelex Xobeh.
  3696 | D:6      | Noticed bmj180's ghost (novice MiFi)
  3697 | D:6      | Noticed Grinder
  3704 | D:6      | Killed Grinder
  3704 | D:6      | Reached skill level 9 in Axes
  3712 | D:6      | Mangled by bmj180's ghost

Skill      XL: |  1  2  3  4  5  6  7 |
---------------+----------------------+-----
Axes           | 4 5 7 9 |  9.3
Fighting       | 4 5 |  5.4
Armour         | 3 4 |  4.9
Shields        | 1 2 |  2.6
Dodging        | |  2.5

Action                   |  1- 3 |  4- 6 |  7- 9 || total
-------------------------+-------+-------+-------++-------
Melee: Hand axe          |    81 |    99 |       ||   180
       Headbutt          |    11 |    25 |     4 ||    40
       War axe           |       |    24 |    31 ||    55
Invok: Berserk           |     1 |     2 |     1 ||     4
       Trog's Hand       |       |     1 |     1 ||     2
  Eat: Chunk             |     1 |    23 |     2 ||    26
Armor: Scale mail        |    36 |    44 |       ||    80
       Animal skin       |     2 |       |       ||     2
       Ring mail         |       |     2 |    14 ||    16
Dodge: Dodged            |    42 |    62 |    15 ||   119
Block: Buckler           |       |     2 |     4 ||     6
